[Event "Titled Tuesday Blitz May 16 Late 2023"]
[White "Karas, Marek"]
[Black "Celestino, Rafael Teixeira"]
[WhiteFideId "14928558"]
[BlackFideId "2108925"]
[WhiteElo "2233"]
[BlackElo "2327"]
[Result "1-0"]
[Round "04"]
[TimeControl "180+2"]
[Date "2023.05.16"]
[WhiteClock "0:00:06"]
[BlackClock "0:00:41"]

1. h4 e5 2. c4 Nc6 3. Nc3 Nf6 4. e3 d5 5. cxd5 Nxd5 6. a3 Be6 7. Nf3 Be7 8. Bb5 Bf6 9. Ne4 O-O 10. Nfg5 Bf5 11. Bxc6 bxc6 12. Qf3 Qd7 13. d3 Be7 14. Qg3 Rab8 15. Nf3 Bxe4 16. dxe4 Nf6 17. O-O Bd6 18. Nd2 Rfd8 19. Qf3 Bc5 20. b4 Bb6 21. Nc4 Qe6 22. Nxb6 axb6 23. Bb2 Rd2 24. Bc3 Rd3 25. Rfc1 Rbd8 26. Qf5 Qb3 27. Bxe5 Rd1+ 28. Rxd1 Rxd1+ 29. Rxd1 Qxd1+ 30. Kh2 Ng4+ 31. Kg3 h5 32. Bxc7 Qd2 33. Qc8+ Kh7 34. Qf5+ Kg8 35. Bxb6 g6 36. Qf4 Qc1 37. Bd4 Qh1 38. Qb8+ Kh7 39. Qh8# 1-0


[Site "https://www.chess.com"]

[Event "Titled Tuesday Blitz May 16 Late 2023"]
[White "ArtemDyachuk"]
[Black "Shtivelband, Richard"]
[BlackFideId "2017342"]
[WhiteElo "2495"]
[BlackElo "2306"]
[Result "1-0"]
[Round "04"]
[TimeControl "180+2"]
[Date "2023.05.16"]
[WhiteClock "0:00:41"]
[BlackClock "0:01:42"]

1. Nf3 Nf6 2. b3 g6 3. Bb2 Bg7 4. e3 O-O 5. d4 d6 6. Be2 Nbd7 7. O-O e5 8. dxe5 Ng4 9. c4 Ngxe5 10. Nxe5 Nxe5 11. Nc3 Bd7 12. Qd2 Bc6 13. Nd5 Re8 14. e4 Bxd5 15. cxd5 c5 16. dxc6 bxc6 17. f4 Qb6+ 18. Kh1 Nd7 19. Bxg7 Kxg7 20. Qxd6 Nf6 21. Bf3 Nxe4 22. Bxe4 Rxe4 23. f5 Rd8 24. Qg3 Re2 25. fxg6 hxg6 26. Qf3 Re7 27. Qf6+ 1-0


[Site "https://www.chess.com"]

[Event "Titled Tuesday Blitz May 16 Late 2023"]
[White "De Souza, Cristiano Gomes"]
[Black "Molenda, Marcin"]
[WhiteFideId "2151758"]
[BlackFideId "1173065"]
[WhiteElo "2068"]
[BlackElo "2286"]
[Result "0-1"]
[Round "04"]
[TimeControl "180+2"]
[Date "2023.05.16"]
[WhiteClock "0:00:58"]
[BlackClock "0:02:23"]

1. d4 Nf6 2. c4 g6 3. Nf3 Bg7 4. Nc3 O-O 5. e4 d6 6. Be2 Nbd7 7. O-O e5 8. d5 Nc5 9. Nd2 a5 10. b3 Nfd7 11. Bb2 f5 12. a3 Nf6 13. Qc2 f4 14. b4 Na6 15. Qb3 g5 16. f3 g4 17. Rac1 g3 18. Rfd1 gxh2+ 19. Kxh2 Nh5 20. Nf1 Qh4+ 21. Kg1 Ng3 22. c5 Bf6 23. c6 Qh1+ 24. Kf2 Bh4 25. Bxa6 Nxf1+ 26. Ke2 Qxg2+ 27. Kd3 Qxf3+ 28. Kc2 Ne3+ 29. Kb1 bxa6 30. Rg1+ Kh8 31. Nd1 Qxe4+ 32. Ka2 a4 33. Qc3 Qxd5+ 34. Ka1 Be6 0-1


[Site "https://www.chess.com"]

[Event "Titled Tuesday Blitz May 16 Late 2023"]
[White "Bashkansky, Ethan"]
[Black "FoxOnTheRun97"]
[WhiteFideId "2071533"]
[WhiteElo "2292"]
[BlackElo "2490"]
[Result "1-0"]
[Round "04"]
[TimeControl "180+2"]
[Date "2023.05.16"]
[WhiteClock "0:00:17"]
[BlackClock "0:00:02"]

1. d4 Nf6 2. c4 e6 3. Nc3 Bb4 4. Qc2 O-O 5. Nf3 d5 6. cxd5 exd5 7. Bg5 h6 8. Bxf6 Qxf6 9. a3 Bxc3+ 10. Qxc3 c6 11. e3 Bf5 12. Bd3 Nd7 13. O-O Rfe8 14. b4 a6 15. a4 Rac8 16. Rfc1 Be4 17. Bxe4 dxe4 18. Nd2 Nb6 19. Qb3 h5 20. h3 Qg6 21. b5 cxb5 22. axb5 Rxc1+ 23. Rxc1 a5 24. Rc7 Rb8 25. Nc4 Nd5 26. Ne5 Qe6 27. Rxf7 b6 28. Rd7 Nf4 29. Qxe6+ Nxe6 30. Ra7 Rc8 31. Nc6 Nc7 32. Ne7+ Kh7 33. Nxc8 Nxb5 34. Rb7 a4 35. Rxb6 Nc3 36. Ra6 g6 37. d5 Nxd5 38. Rxa4 Nf6 39. Nd6 Nd5 40. Nxe4 Kg7 41. Ra7+ Kh6 42. Ra6 Nb4 43. Rb6 Nd3 44. Ng3 h4 45. Nf5+ Kg5 46. Nd4 Ne5 47. Rb5 Kf6 48. Rxe5 Kxe5 49. Nf3+ 1-0


[Site "https://www.chess.com"]

[Event "Titled Tuesday Blitz May 16 Late 2023"]
[White "Wieczorek, Zbigniew"]
[Black "Ladan, Nicholas"]
[WhiteFideId "1102001"]
[BlackFideId "30918855"]
[WhiteElo "2285"]
[BlackElo "2167"]
[Result "0-1"]
[Round "04"]
[TimeControl "180+2"]
[Date "2023.05.16"]
[WhiteClock "0:00:10"]
[BlackClock "0:00:47"]

1. Nf3 d5 2. g3 Bg4 3. Bg2 e6 4. c4 c6 5. Qb3 Qb6 6. d3 Nd7 7. Nc3 Nc5 8. Qc2 Nf6 9. O-O Be7 10. Be3 Qd8 11. cxd5 exd5 12. Bxc5 Bxc5 13. Ne5 Be6 14. Nxd5 Bxf2+ 15. Rxf2 Nxd5 16. Qc5 Qe7 17. Rc1 Qxc5 18. Rxc5 Ke7 19. a3 f6 20. Nc4 Rhd8 21. e4 Nc7 22. Rd2 Nb5 23. Ne3 Nd4 24. Rc3 a5 25. Kf2 Rd7 26. Bf3 Rad8 27. Bg4 Bxg4 28. Nxg4 Nb5 29. Rc5 Rxd3 30. Rxd3 Rxd3 31. Ke2 Rb3 32. Ne3 Rxb2+ 33. Kf3 Nd4+ 0-1


[Site "https://www.chess.com"]

[Event "Titled Tuesday Blitz May 16 Late 2023"]
[White "Ognean, Mihnea-Ionut"]
[Black "Cooklev, Steven"]
[WhiteFideId "1232347"]
[BlackFideId "2050552"]
[WhiteElo "2215"]
[BlackElo "2285"]
[Result "1-0"]
[Round "04"]
[TimeControl "180+2"]
[Date "2023.05.16"]
[WhiteClock "0:01:27"]
[BlackClock "0:00:00"]

1. Nf3 Nf6 2. d4 d5 3. c4 e6 4. e3 c5 5. a3 Nc6 6. dxc5 Bxc5 7. b4 Be7 8. Bb2 O-O 9. Nbd2 Re8 10. Be2 dxc4 11. Nxc4 Qxd1+ 12. Rxd1 Nd5 13. O-O Bf6 14. Bxf6 Nxf6 15. b5 Ne7 16. Nd6 Rf8 17. e4 Bd7 18. Ne5 Ng6 19. Nxd7 Nxd7 20. Nxb7 Nf6 21. f3 Nf4 22. Kf2 Rac8 23. Rc1 g5 24. g3 Nxe2 25. Kxe2 Nd7 26. Nd6 Rb8 27. Rc7 Ne5 28. f4 gxf4 29. gxf4 Ng6 30. Ke3 Rb6 31. e5 a6 32. a4 axb5 33. axb5 Ra8 34. Rfc1 Ra3+ 35. R1c3 Rxc3+ 36. Rxc3 Ne7 37. Rb3 Nd5+ 38. Ke4 f5+ 39. Nxf5 Nf6+ 40. exf6 exf5+ 41. Kxf5 Kf7 42. Ke5 Re6+ 43. Kd5 Rb6 44. Kc5 Rb8 45. b6 Kxf6 46. b7 Kf5 47. Rb4 h5 48. Kc6 Kg4 49. Kc7 1-0


[Site "https://www.chess.com"]

[Event "Titled Tuesday Blitz May 16 Late 2023"]
[White "Martic, Ivan"]
[Black "ibove"]
[WhiteFideId "929301"]
[WhiteElo "2360"]
[BlackElo "2286"]
[Result "1-0"]
[Round "04"]
[TimeControl "180+2"]
[Date "2023.05.16"]
[WhiteClock "0:01:19"]
[BlackClock "0:00:18"]

1. e4 c5 2. Nf3 d6 3. c3 e5 4. h3 Nc6 5. Bc4 Be7 6. d4 cxd4 7. cxd4 Nf6 8. Nc3 O-O 9. O-O a6 10. Bb3 b5 11. Re1 Bb7 12. d5 Na5 13. Bc2 Rc8 14. Ne2 Qc7 15. Bd3 Nc4 16. Ng3 g6 17. b3 Nb6 18. Bh6 Rfe8 19. Rc1 Qd7 20. Qd2 Rxc1 21. Rxc1 Bf8 22. Bxf8 Kxf8 23. Qa5 Nbxd5 24. exd5 e4 25. Rc7 Qd8 26. Nxe4 Nxd5 27. Nxd6 Nxc7 28. Nxe8 Kxe8 29. Qe1+ Kf8 30. Be4 Bxe4 31. Qxe4 Qd5 32. Qf4 Ne6 33. Qf6 h5 34. Ne5 Qd1+ 35. Kh2 Nd8 36. Nxg6+ Ke8 37. Qe7# 1-0


[Site "https://www.chess.com"]

[Event "Titled Tuesday Blitz May 16 Late 2023"]
[White "Leschinsky, Gary"]
[Black "Liu, Eric"]
[WhiteFideId "30951321"]
[BlackFideId "30960240"]
[WhiteElo "1855"]
[BlackElo "2094"]
[Result "0-1"]
[Round "04"]
[TimeControl "180+2"]
[Date "2023.05.16"]
[WhiteClock "0:00:06"]
[BlackClock "0:00:10"]

1. d4 b6 2. e4 Bb7 3. Nc3 e6 4. Bd3 h5 5. Nf3 h4 6. h3 Be7 7. O-O d6 8. Qd2 c5 9. d5 e5 10. Qe2 a6 11. a4 Nf6 12. Nd1 Nbd7 13. Ne3 Nh7 14. Nf5 Bf8 15. N5xh4 g6 16. g3 Nhf6 17. Rd1 Be7 18. Qf1 b5 19. axb5 axb5 20. Rxa8 Qxa8 21. Bxb5 Nxe4 22. Qd3 Nf6 23. Bxd7+ Nxd7 24. c4 Nf8 25. Bd2 f5 26. Qe2 e4 27. Ng5 Rh5 28. Nxe4 fxe4 29. Qxe4 Re5 30. Qg4 Bxh4 31. Qxh4 Qa4 32. Rf1 Qc2 33. Bc3 Re2 34. Qf6 Qe4 35. Qxd6 Nd7 36. Qc7 Bxd5 37. cxd5 Qxd5 38. Qc8+ Ke7 39. Qh8 Kd6 40. Qh4 Kc6 41. Qg4 Re6 42. Re1 Rxe1+ 43. Bxe1 Ne5 44. Qe2 Nf3+ 45. Kf1 Nd4 46. Qe8+ Kb6 47. Qb8+ Ka6 48. Qc8+ Kb5 49. Qb8+ Kc4 50. Bc3 Qh1# 0-1


[Site "https://www.chess.com"]

[Event "Titled Tuesday Blitz May 16 Late 2023"]
[White "Escalante Ramirez, Rafael"]
[Black "krucki03"]
[WhiteFideId "3900177"]
[WhiteElo "2255"]
[BlackElo "2468"]
[Result "0-1"]
[Round "04"]
[TimeControl "180+2"]
[Date "2023.05.16"]
[WhiteClock "0:00:00"]
[BlackClock "0:00:14"]

1. Nf3 d5 2. d4 e6 3. c4 c6 4. e3 Bd6 5. Nbd2 f5 6. Bd3 Nf6 7. b3 O-O 8. a4 Bd7 9. Ba3 Be8 10. Bxd6 Qxd6 11. Ne5 Nbd7 12. Ndf3 Bh5 13. Qc2 Bxf3 14. Nxf3 Ne4 15. c5 Qe7 16. b4 e5 17. dxe5 Nxe5 18. Nxe5 Qxe5 19. O-O Rf6 20. b5 Rh6 21. f4 Qe7 22. Bxe4 fxe4 23. g3 Rf6 24. Qc3 Rc8 25. Rfc1 h5 26. h4 Rg6 27. Kf2 Qd7 28. bxc6 bxc6 29. Rab1 Qg4 30. Rg1 Qf3+ 31. Ke1 Rxg3 32. Rxg3 Qxg3+ 33. Kd2 Qf2+ 34. Kc1 Qg1+ 0-1


[Site "https://www.chess.com"]

[Event "Titled Tuesday Blitz May 16 Late 2023"]
[White "Koutlas, Nikolaos"]
[Black "MunichMouse"]
[WhiteFideId "25827138"]
[WhiteElo "2215"]
[BlackElo "2271"]
[Result "1-0"]
[Round "04"]
[TimeControl "180+2"]
[Date "2023.05.16"]
[WhiteClock "0:00:49"]
[BlackClock "0:01:08"]

1. Nf3 c5 2. b3 Nf6 3. Bb2 g6 4. g4 Bg7 5. h3 d6 6. Bg2 e5 7. e3 O-O 8. c4 Nc6 9. d3 Re8 10. Nc3 d5 11. cxd5 Nxd5 12. O-O Nxc3 13. Bxc3 e4 14. Bxg7 exf3 15. Bc3 fxg2 16. Kxg2 Qd5+ 17. Kg1 Be6 18. e4 Qd7 19. f4 f5 20. gxf5 gxf5 21. Kh2 Nd4 22. b4 b6 23. Rg1+ Kh8 24. bxc5 bxc5 25. Qh5 Rg8 26. Qh6 Qf7 27. exf5 Bxf5 28. Qd6 Rg6 29. Qxc5 Rc8 30. Qxd4+ Qg7 31. Qxg7+ Rxg7 32. Bxg7+ 1-0


[Site "https://www.chess.com"]

[Event "Titled Tuesday Blitz May 16 Late 2023"]
[White "Kejzar, Petra"]
[Black "Shapiro, Viktor"]
[WhiteFideId "14610213"]
[BlackFideId "4175700"]
[WhiteElo "2089"]
[BlackElo "2152"]
[Result "0-1"]
[Round "04"]
[TimeControl "180+2"]
[Date "2023.05.16"]
[WhiteClock "0:00:14"]
[BlackClock "0:01:05"]

1. e4 c5 2. Nf3 Nc6 3. d4 cxd4 4. Nxd4 Nf6 5. Nc3 e5 6. Ndb5 d6 7. Bg5 a6 8. Na3 Be6 9. Nc4 b5 10. Ne3 Qa5 11. Qd2 b4 12. Ncd5 Nxe4 13. Qd3 Nxg5 14. Be2 f5 15. O-O f4 16. Qc4 Rc8 17. h4 fxe3 18. hxg5 Qxd5 19. Qh4 Qd4 20. Qh2 Be7 21. Bxa6 Rb8 22. Bd3 Bxg5 23. fxe3 Qxe3+ 24. Kh1 Bf4 25. Qh4 Qg3 26. Qh5+ Kd7 27. Rf3 Qg5 28. Qxg5 Bxg5 29. Raf1 Be7 30. b3 Nd4 31. R3f2 Rbf8 32. Rd2 Rxf1+ 33. Bxf1 Rf8 34. Kg1 Bg5 35. Rd1 Be3+ 36. Kh2 Rf2 37. Bd3 Bf5 38. Bxf5+ Nxf5 39. c4 bxc3 40. a4 c2 41. Rh1 Bf4+ 42. Kh3 h5 43. a5 g5 44. g4 c1=Q 45. Rxc1 Rh2# 0-1


[Site "https://www.chess.com"]

[Event "Titled Tuesday Blitz May 16 Late 2023"]
[White "Palacio,Igor Da Paz"]
[Black "Vega Gutierrez, Sabrina"]
[WhiteFideId "2121140"]
[BlackFideId "2219026"]
[WhiteElo "2126"]
[BlackElo "2209"]
[Result "1-0"]
[Round "04"]
[TimeControl "180+2"]
[Date "2023.05.16"]
[WhiteClock "0:00:08"]
[BlackClock "0:00:39"]

1. e4 c5 2. Nc3 Nc6 3. g3 g6 4. Bg2 Bg7 5. d3 e6 6. Be3 d6 7. f4 Nge7 8. Nf3 O-O 9. O-O b6 10. d4 cxd4 11. Nxd4 Bb7 12. Re1 a6 13. Qd2 Qc7 14. Rad1 b5 15. a3 Rfd8 16. Qf2 Nxd4 17. Bxd4 Bxd4 18. Qxd4 Nc6 19. Qe3 Na5 20. Bf1 Rac8 21. Rd2 Nc4 22. Bxc4 Qxc4 23. Red1 Qc6 24. h3 a5 25. Kh2 b4 26. axb4 axb4 27. Na2 Qa4 28. Qb3 Qxb3 29. cxb3 Bxe4 30. Nxb4 Rb8 31. Rd4 Bf3 32. R1d3 Ba8 33. Rc3 d5 34. Nd3 Rdc8 35. b4 Bc6 36. Nc5 Bb5 37. Ra3 Ra8 38. Rd1 Rcb8 39. Rda1 Rxa3 40. bxa3 Bc4 41. Kg1 Kf8 42. Nd7+ Ke7 43. Nxb8 Kd6 44. b5 Bxb5 45. Rb1 Bd3 46. Rb6+ Kc5 47. Rb2 Kd4 48. Kf2 Bc4 49. Nc6+ Kc5 50. Rb8 Kd6 51. Na7 Kc5 52. Rf8 Kd4 53. Rxf7 Bb5 54. Rxh7 Ba6 55. Rc7 Ke4 56. Re7 Kf5 57. Rf7+ Ke4 58. Rf6 Bc4 59. Rxe6+ Kf5 60. Rd6 Ke4 61. Rd8 d4 62. Nc6 d3 63. Nb4 d2 64. Rxd2 Bb3 65. Re2+ Kf5 66. Re5+ Kf6 67. g4 g5 68. Nd5+ Kf7 69. Rxg5 Ke6 70. Re5+ Kf7 71. Ne3 Kg6 72. Kg3 Kh7 73. f5 Kh6 74. g5+ Kxg5 75. h4+ Kf6 76. Kf4 Kg7 77. Ng4 Kh7 78. Kg5 Kg7 79. Re7+ Bf7 80. Ne5 Kg8 81. Rxf7 Kh8 82. Kg6 Kg8 83. Rf6 Kh8 84. Rf8# 1-0


[Site "https://www.chess.com"]

[Event "Titled Tuesday Blitz May 16 Late 2023"]
[White "Lucas, Arthur"]
[Black "Schut, Han"]
[WhiteFideId "26093073"]
[BlackFideId "1005561"]
[WhiteElo "2251"]
[BlackElo "2024"]
[Result "1-0"]
[Round "04"]
[TimeControl "180+2"]
[Date "2023.05.16"]
[WhiteClock "0:01:02"]
[BlackClock "0:00:02"]

1. e4 c5 2. Nf3 d6 3. d4 cxd4 4. Nxd4 Nf6 5. Nc3 a6 6. g3 g6 7. Bg2 Bg7 8. O-O O-O 9. a4 Bd7 10. Re1 Nc6 11. Nxc6 Bxc6 12. Nd5 Rc8 13. c3 e6 14. Nxf6+ Bxf6 15. Bh6 Re8 16. Qd2 Qd7 17. a5 d5 18. e5 Bh8 19. Bg5 Qc7 20. Bf6 Bg7 21. Qg5 h6 22. Qh4 g5 23. Qh5 Kh7 24. Bxg5 d4 25. Re4 Bxe4 26. Bxe4+ Kg8 27. Bf6 dxc3 28. Qg4 1-0


[Site "https://www.chess.com"]

[Event "Titled Tuesday Blitz May 16 Late 2023"]
[White "James, Stuart"]
[Black "Womacka, Mathias"]
[WhiteFideId "7400489"]
[BlackFideId "4611390"]
[WhiteElo "1950"]
[BlackElo "2377"]
[Result "0-1"]
[Round "04"]
[TimeControl "180+2"]
[Date "2023.05.16"]
[WhiteClock "0:01:10"]
[BlackClock "0:01:28"]

1. e4 c5 2. Nf3 d6 3. Bb5+ Nd7 4. O-O a6 5. Be2 Ngf6 6. d3 g6 7. a4 Bg7 8. Nbd2 O-O 9. c3 Rb8 10. d4 cxd4 11. cxd4 b6 12. b3 Bb7 13. Bd3 e5 14. Bb2 Re8 15. Qe2 exd4 16. Nxd4 Nc5 17. Rfe1 Nfxe4 18. Nxe4 Bxe4 19. Bxe4 Rxe4 20. Qc4 d5 21. Qb4 Nd3 22. Nc6 0-1


[Site "https://www.chess.com"]

[Event "Titled Tuesday Blitz May 16 Late 2023"]
[White "liwadas82"]
[Black "Kovacevic, Radmila"]
[BlackFideId "933171"]
[WhiteElo "2445"]
[BlackElo "2194"]
[Result "0-1"]
[Round "04"]
[TimeControl "180+2"]
[Date "2023.05.16"]
[WhiteClock "0:00:08"]
[BlackClock "0:00:12"]

1. e4 e5 2. Nf3 f5 3. Nxe5 Qf6 4. Nc4 fxe4 5. d4 b5 6. Ne3 c6 7. d5 Bc5 8. Nc3 Qg6 9. Qg4 Nf6 10. Qxg6+ hxg6 11. Be2 b4 12. Na4 Bxe3 13. Bxe3 cxd5 14. O-O-O Nc6 15. h3 d6 16. g4 Ne7 17. f3 Bd7 18. b3 Bxa4 19. bxa4 Kd7 20. g5 Nh5 21. fxe4 dxe4 22. Bc5 Nf5 23. Bg4 Kc6 24. Bxb4 Nhg3 25. Rhe1 Rhe8 26. c4 a5 27. Ba3 Rac8 28. Kc2 Re6 29. Kc3 Kb6 30. Rb1+ Ka6 31. Rb5 Rc6 32. Rb8 e3 33. Reb1 Ne4+ 34. Kd3 Nf2+ 35. Ke2 Rc7 36. Bf3 Nd4+ 37. Kf1 Nxf3 38. c5 Nd2+ 39. Ke2 Nxb1 40. cxd6 Rc2+ 41. Kf3 e2 42. d7 e1=Q 43. Ra8+ Kb7 44. Rb8+ Ka7 45. Ra8+ Kb7 46. Rb8+ Kxb8 47. d8=Q+ Kb7 48. Qd5+ Rcc6 49. Qd7+ Ka6 50. Qd8 Qe2+ 51. Kg3 Ne4+ 52. Kf4 Qf2+ 53. Kg4 Qg3# 0-1


[Site "https://www.chess.com"]

[Event "Titled Tuesday Blitz May 16 Late 2023"]
[White "marik_spb"]
[Black "Florianovitz, Derlei Alex"]
[BlackFideId "2114178"]
[WhiteElo "2443"]
[BlackElo "1953"]
[Result "1-0"]
[Round "04"]
[TimeControl "180+2"]
[Date "2023.05.16"]
[WhiteClock "0:01:11"]
[BlackClock "0:01:47"]

1. d4 Nf6 2. c4 e6 3. g3 d5 4. Nf3 Be7 5. Bg2 O-O 6. O-O Nbd7 7. Bf4 Ne4 8. Nbd2 Ndf6 9. Rc1 c6 10. Nxe4 Nxe4 11. Nd2 Nxd2 12. Qxd2 Bd6 13. Bxd6 Qxd6 14. c5 Qe7 15. f4 f6 16. b4 e5 17. fxe5 fxe5 18. Rxf8+ Kxf8 19. Rf1+ Kg8 20. Qe3 e4 21. Qf4 Be6 22. Qe5 Re8 23. e3 Bg4 24. Qxe7 Rxe7 25. a4 Rf7 26. Rb1 Bf3 27. Bh3 Be2 28. Be6 Kf8 29. Bxf7 Kxf7 30. b5 cxb5 31. axb5 Ke7 32. Kf2 Bc4 33. b6 axb6 34. Rxb6 Ba6 35. c6 1-0


[Site "https://www.chess.com"]

[Event "Titled Tuesday Blitz May 16 Late 2023"]
[White "Lopez Perdomo, Juan David"]
[Black "Bouget, Alexandre"]
[WhiteFideId "4405137"]
[BlackFideId "681318"]
[WhiteElo "1965"]
[BlackElo "2189"]
[Result "0-1"]
[Round "04"]
[TimeControl "180+2"]
[Date "2023.05.16"]
[WhiteClock "0:00:00"]
[BlackClock "0:00:14"]

1. d4 Nf6 2. c4 e6 3. Nc3 Bb4 4. e3 O-O 5. Bd3 d5 6. Qc2 c5 7. cxd5 exd5 8. Ne2 Nc6 9. dxc5 Bxc5 10. a3 Bd6 11. Nb5 Bb8 12. Nbd4 Ne5 13. Bf5 Bxf5 14. Qxf5 Ne4 15. O-O Nd3 16. Ng3 Qh4 17. Nf3 Nxg3 18. Nxh4 Nxf5 19. Nxf5 Be5 20. Rb1 Rfe8 21. Rd1 Nxc1 22. Rdxc1 g6 23. Ng3 d4 24. exd4 Bxd4 25. Rd1 Rad8 26. b3 h5 27. Kf1 h4 28. Ne2 Be5 29. h3 Kg7 30. Rbc1 Kf6 31. Ke1 Bb2 32. Rxd8 Rxd8 33. Rd1 Rxd1+ 34. Kxd1 Bxa3 35. Nc3 Ke5 36. Ke2 Bc5 37. f3 Kf4 38. Ne4 Be7 39. Kf2 f5 40. g3+ Ke5 41. Nd2 Bc5+ 42. Kg2 hxg3 43. Kxg3 Kd4 44. Nc4 b5 45. Na5 Bb6 0-1


[Site "https://www.chess.com"]

[Event "Titled Tuesday Blitz May 16 Late 2023"]
[White "Djordjevic, Dejan N"]
[Black "Urbina Perez, Juan Antonio"]
[WhiteFideId "913316"]
[BlackFideId "2217368"]
[WhiteElo "2261"]
[BlackElo "2197"]
[Result "1-0"]
[Round "04"]
[TimeControl "180+2"]
[Date "2023.05.16"]
[WhiteClock "0:00:23"]
[BlackClock "0:00:01"]

1. e4 c5 2. Nc3 Nc6 3. g3 g6 4. Bg2 Bg7 5. Nge2 e6 6. O-O Nge7 7. d3 O-O 8. Bg5 Nd4 9. Qd2 Rb8 10. Nd1 b5 11. c3 Nxe2+ 12. Qxe2 b4 13. Be3 d6 14. Rc1 a5 15. Re1 Ba6 16. Qd2 e5 17. f4 f6 18. d4 cxd4 19. cxd4 f5 20. dxe5 dxe5 21. Qxd8 Rfxd8 22. Bc5 Kf7 23. exf5 Nxf5 24. fxe5 Rbc8 25. e6+ Kg8 26. e7 Re8 27. Bd5+ Kh8 28. Nf2 h6 29. g4 Nxe7 30. Bf7 Rf8 31. Rxe7 Rxc5 32. Rxc5 Bd4 33. Rcc7 Bf6 34. Re8 Kg7 35. Bxg6+ Kxg6 36. Rxf8 Be5 37. Rc6+ Kg5 38. Rxa6 Bf4 39. Rxa5+ Kh4 40. Rxf4 b3 41. Rh5# 1-0


[Site "https://www.chess.com"]

[Event "Titled Tuesday Blitz May 16 Late 2023"]
[White "ritanovikova"]
[Black "Toniutti, Ezio"]
[BlackFideId "113034"]
[WhiteElo "2137"]
[BlackElo "2215"]
[Result "0-1"]
[Round "04"]
[TimeControl "180+2"]
[Date "2023.05.16"]
[WhiteClock "0:02:00"]
[BlackClock "0:02:39"]

1. e4 e5 2. Nf3 Nc6 3. Bc4 Nf6 4. d3 Be7 5. O-O O-O 6. c3 d6 7. h3 Kh8 8. Re1 Ng8 9. d4 f5 10. exf5 e4 11. Rxe4 d5 12. Bb3 dxe4 13. Nfd2 Bxf5 14. Nf1 Bd6 15. Qh5 Bg6 16. Qg4 Nf6 17. Qh4 Ne7 18. Bg5 Nf5 19. Qxh7+ Kxh7 0-1


[Site "https://www.chess.com"]

[Event "Titled Tuesday Blitz May 16 Late 2023"]
[White "Prydun, Andriy"]
[Black "Chessadiction1990"]
[WhiteFideId "14145898"]
[WhiteElo "2164"]
[BlackElo "2133"]
[Result "1-0"]
[Round "04"]
[TimeControl "180+2"]
[Date "2023.05.16"]
[WhiteClock "0:00:05"]
[BlackClock "0:00:00"]

1. e4 c5 2. Nf3 d6 3. c3 Nf6 4. h3 Nc6 5. Bd3 e6 6. Bc2 Be7 7. d4 cxd4 8. cxd4 d5 9. Nc3 O-O 10. O-O dxe4 11. Nxe4 Nb4 12. Bb1 b6 13. Nc3 Bb7 14. Be3 Rc8 15. Re1 Nbd5 16. Bd2 Nxc3 17. bxc3 Nd5 18. Be4 f5 19. Bc2 Bf6 20. Bb3 Ba6 21. Rxe6 Nxc3 22. Bxc3 Rxc3 23. Re8+ Kh8 24. Rxd8 Rxd8 25. Rc1 Rd3 26. Qe1 Bxd4 27. Rc7 Bf6 28. Qe6 h6 29. Kh2 1-0


[Site "https://www.chess.com"]

[Event "Titled Tuesday Blitz May 16 Late 2023"]
[White "Stead, Kerry"]
[Black "Yeritsyan, Hayk"]
[WhiteFideId "3202577"]
[BlackFideId "13307320"]
[WhiteElo "1997"]
[BlackElo "2431"]
[Result "0-1"]
[Round "04"]
[TimeControl "180+2"]
[Date "2023.05.16"]
[WhiteClock "0:00:00"]
[BlackClock "0:01:31"]

1. d4 d5 2. e4 c6 3. Nc3 dxe4 4. f3 e3 5. Bxe3 Nf6 6. Bd3 Nd5 7. Nxd5 cxd5 8. c3 Nc6 9. Ne2 e6 10. O-O Bd6 11. Bf4 O-O 12. Bxd6 Qxd6 13. Re1 Bd7 14. Qd2 Ne7 15. Nf4 Qb6 16. Kh1 Bb5 17. Bxb5 Qxb5 18. Nd3 Nc6 19. Ne5 Nxe5 20. Rxe5 Rac8 21. Rae1 Qc4 22. h3 Qxa2 23. Rh5 Qa6 24. Qf4 f5 25. Qh4 h6 26. Qe7 Rce8 27. Qc7 Qb6 28. Qxb6 axb6 29. Rh4 Kf7 0-1


[Site "https://www.chess.com"]

[Event "Titled Tuesday Blitz May 16 Late 2023"]
[White "Martin Barcelo, Carles"]
[Black "Arias Igual, Alejandro"]
[WhiteFideId "24561444"]
[BlackFideId "2254905"]
[WhiteElo "2089"]
[BlackElo "2179"]
[Result "0-1"]
[Round "04"]
[TimeControl "180+2"]
[Date "2023.05.16"]
[WhiteClock "0:00:00"]
[BlackClock "0:00:14"]

1. Nf3 d5 2. d4 e6 3. e3 Nf6 4. Bd3 c5 5. O-O Nc6 6. b3 Be7 7. Bb2 O-O 8. Nbd2 b6 9. Ne5 Qc7 10. f4 Nb4 11. Ndf3 Nxd3 12. cxd3 Bb7 13. Rc1 Rac8 14. Qe1 Qd6 15. Qg3 cxd4 16. Nxd4 Rxc1 17. Rxc1 Rc8 18. Qe1 a6 19. Rxc8+ Bxc8 20. Qc1 Qc5 21. Nec6 Qxc1+ 22. Bxc1 Bf8 23. Bd2 Nd7 24. b4 Bb7 25. a4 Bd6 26. g3 g6 27. Kf2 e5 28. fxe5 Nxe5 29. Nxe5 Bxe5 30. Bc3 Bd6 31. b5 axb5 32. Nxb5 Bb8 33. Bd4 h5 34. h4 Kf8 35. Bxb6 Ke7 36. Bc5+ Kd7 37. Nd4 Ba6 38. Ke2 Bxg3 39. Nf3 f6 40. Kd2 Ke6 41. Bb6 Kf5 42. Bd8 Kg4 0-1


[Site "https://www.chess.com"]

[Event "Titled Tuesday Blitz May 16 Late 2023"]
[White "Ziatdinov, Raset"]
[Black "Curtis, John"]
[WhiteFideId "2015323"]
[BlackFideId "3200256"]
[WhiteElo "2220"]
[BlackElo "2203"]
[Result "1/2-1/2"]
[Round "04"]
[TimeControl "180+2"]
[Date "2023.05.16"]
[WhiteClock "0:01:51"]
[BlackClock "0:02:45"]

1. e4 e5 2. Nf3 Nc6 3. Bb5 a6 4. Ba4 Nf6 5. O-O b5 6. Bb3 Be7 7. Re1 O-O 8. c3 d5 9. exd5 e4 10. dxc6 exf3 11. Qxf3 Bg4 12. Qe3 Re8 13. d4 Bd6 1/2-1/2


[Site "https://www.chess.com"]

[Event "Titled Tuesday Blitz May 16 Late 2023"]
[White "Dmitriev, Sergey"]
[Black "Lozano Ramirez, Nestor Favian"]
[WhiteFideId "14101785"]
[BlackFideId "4412672"]
[WhiteElo "2132"]
[BlackElo "2254"]
[Result "0-1"]
[Round "04"]
[TimeControl "180+2"]
[Date "2023.05.16"]
[WhiteClock "0:00:08"]
[BlackClock "0:00:51"]

1. d4 g6 2. Bf4 Bg7 3. Nf3 d6 4. e3 Nd7 5. c3 e5 6. dxe5 dxe5 7. Bg3 Qe7 8. e4 Ngf6 9. Bd3 O-O 10. O-O a5 11. a4 Nh5 12. Bh4 Bf6 13. Bxf6 Qxf6 14. Nbd2 Nc5 15. Bc2 Nf4 16. b4 Nce6 17. bxa5 Rd8 18. Qe1 Rxa5 19. Nc4 Rc5 20. Ne3 c6 21. Ng4 Qg7 22. Qe3 Nxg2 23. Kxg2 Nf4+ 24. Kh1 Bxg4 25. Rg1 Bxf3+ 26. Qxf3 Rd2 27. Bb3 Rb2 28. Rab1 Rxb1 29. Rxb1 Qf8 30. Bd1 Qe7 31. Bb3 Ra5 32. Rd1 Ra8 33. Qg4 Rd8 34. Rxd8+ Qxd8 35. Qf3 Qd2 36. Qe3 Qb2 37. Bd1 Qa1 38. Qd2 Qb1 39. h3 Qxe4+ 40. f3 Qc4 41. Qd8+ Kg7 42. Kh2 Qxc3 43. Qd6 Qb2+ 44. Kg3 Qg2+ 45. Kh4 g5# 0-1


[Site "https://www.chess.com"]

[Event "Titled Tuesday Blitz May 16 Late 2023"]
[White "Panico, Nick"]
[Black "reevecanada"]
[WhiteFideId "2026724"]
[WhiteElo "1982"]
[BlackElo "2409"]
[Result "0-1"]
[Round "04"]
[TimeControl "180+2"]
[Date "2023.05.16"]
[WhiteClock "0:00:35"]
[BlackClock "0:00:58"]

1. f4 e5 2. fxe5 d6 3. exd6 Bxd6 4. Nf3 g5 5. g3 g4 6. Nh4 Ne7 7. Bg2 Ng6 8. Nxg6 hxg6 9. d4 Qe7 10. Qd3 Bf5 11. e4 Nc6 12. c3 O-O-O 13. Be3 Be6 14. Kd1 Ne5 15. Qe2 Bc4 16. Qf2 Nd3 17. Qd2 c5 18. Na3 Ba6 19. Kc2 cxd4 20. Bxd4 Be5 21. Bf1 Bxd4 22. cxd4 Nb4+ 23. Kb3 Nc6 24. Bxa6 Nxd4+ 25. Ka4 bxa6 26. Rac1+ Kb7 27. Qb4+ Qxb4+ 28. Kxb4 a5+ 29. Ka4 Nc6 30. Rhd1 Rxd1 31. Rxd1 Rxh2 32. Rd7+ Kb6 33. Rxf7 Re2 34. Nc4+ Kc5 35. b3 Rxa2+ 36. Na3 Re2 37. Rf6 Rxe4+ 0-1


[Site "https://www.chess.com"]